 Dungeon Crawl Stone Soup version 0.30.0-20-g3615ddf2f0 (webtiles) character file.

Game seed: 7352802715842962591

194 qw the Chopper (level 5, -5/33 HPs)
             Began as a Gargoyle Fighter on May 27, 2023.
             Killed by divine providence
             ... invoked by an orc priest
              (14 damage)
             ... on level 4 of the Dungeon.
             The game lasted 00:01:15 (2431 turns).

qw the Chopper (Gargoyle Fighter)                   Turns: 2431, Time: 00:01:16

Health: -5/33      AC: 13    Str: 21    XL:     5   Next: 73%
Magic:  5/5        EV:  7    Int:  9    God:
Gold:   227        SH:  4    Dex:  9    Spells: 4/4 levels left

rFire   . . .        Y - +0 war axe
rCold   . . .        c - +0 buckler
rNeg    + . .        e - +0 chain mail
rPois   inf          (no helmet)
rElec   +            (no cloak)
rCorr   .            (no gloves)
SInv    .            (no boots)
Will    +....        (no amulet) Stlth
                     h - ring of willpower
HPRegen 0.25/turn    (no ring)
MPRegen 0.09/turn

%: no passive effects
@: no status effects
A: sickness immunity, AC +4, negative energy resistance 1, electricity
resistance, torment resistance 1, petrification resistance
a: no special abilities


You were on level 4 of the Dungeon.
You visited 1 branch of the dungeon, and saw 4 of its levels.

You collected 227 gold pieces.


Innate Abilities, Weirdness & Mutations

You are immune to sickness and miasma.
Your stone body is resilient. (AC +4)
You are immune to poison.
You resist negative energy. (rN+)
You are resistant to electric shocks. (rElec)
You are resistant to unholy torment.
You are immune to petrification.


   Skills:
 + Level 3.8 Fighting
 - Level 5.0 Axes
 - Level 3.2 Armour
 - Level 3.2 Shields


You had 4 spell levels left.
You didn't know any spells.
Your spell library was empty.

Inventory:

Hand Weapons
 j - a +0 whip of draining
 Y - a +0 war axe (weapon)
Armour
 c - a +0 buckler (worn)
 e - a +0 chain mail (worn)
Jewellery
 h - a ring of willpower (left hand)
Potions
 a - a potion of curing
 d - 2 potions of might
 g - a potion of attraction
 i - a potion of heal wounds {unknown}
 l - a potion of degeneration {unknown}

Dungeon Overview and Level Annotations

Branches:
Dungeon (4/15)
 Temple: D:4-7

Altars:
Cheibriados
Qazlal


Message History

You block the ufetubus's attack. The ufetubus barely misses you.
The ufetubus hits you but does no damage. x2
You closely miss the ufetubus.
The ufetubus hits you but does no damage.
The ufetubus closely misses you. The ufetubus barely misses you. x2
You closely miss the ufetubus.
The ufetubus hits you but does no damage. x4
You slash the ufetubus!
You kill the ufetubus!
An orc comes into view. It is wielding a +0 flail.
An orc wizard comes into view. It is wielding a +0 dagger of draining.
The orc wizard shouts!
The orc hits you but does no damage.
An orc priest comes into view. It is wielding a +0 short sword.
Enter note: You slash the orc!
You kill the orc!
The orc priest calls down the wrath of Beogh upon you.
Beogh smites you!
The orc wizard mumbles some strange words.
The orc wizard flickers and vanishes!
Deactivating autopickup; reactivate with Ctrl-A.
Things that are here:
a +0 dagger; a +0 leather armour
Enter note: You slash the orc!
You kill the orc!
You hear the slow hiss of a distant avalanche of sand.
The orc priest looks encouraged for a moment.
Something hits you. Something hits you but does no damage.
You hear some strange, mumbled words.
A puff of flame appears from out of thin air!
The puff of flame hits you.
The orc priest hits you with a +0 short sword.
You slash the orc priest!
The orc priest is heavily wounded.
The orc priest invokes the aid of Beogh against you.
Beogh smites you!
You die...

.....................
..[.....................
........................
........................
........................
........................
..........%......o......
..........<.....@.......
.....(....%......)......
................).......
..............(.........
...............!........
....................>.##
.....................##
....................##
....................#


You could see an orc priest.

Vanquished Creatures
  An iguana (D:3)
  Jessica (D:2)
  6 adders
  An ufetubus (D:4)
  A worm (D:2)
  4 dart slugs
  2 orcs (D:4)
  9 bats
  5 endoplasms
  2 giant cockroaches (D:3)
  6 goblins
  7 hobgoblins
  3 jackals (D:1)
  2 quokkas
  7 ball pythons
  3 frilled lizards
  6 kobolds
  4 rats
70 creatures vanquished.

Notes
Turn   | Place    | Note
-------+----------+-------------------------------------------
     0 | D:1      | qw the Gargoyle Fighter began the quest for the Orb.
     0 | D:1      | Reached XP level 1. HP: 14/14 MP: 1/1
     0 | D:1      | 0 ||| qw: Version: 0.2-a-99-gce666ed
     0 | D:1      | 0 ||| qw: Game counter: 118
     0 | D:1      | 0 ||| qw: Always use a shield: true
     0 | D:1      | 0 ||| qw: God list: Okawaru
     0 | D:1      | 0 ||| qw: Allow faded altars: false
     0 | D:1      | 0 ||| qw: Do Orc after D:15 true
     0 | D:1      | 0 ||| qw: Do second Lair branch before Depths: true
     0 | D:1      | 0 ||| qw: Lair rune preference: random
     0 | D:1      | 0 ||| qw: Plans: Normal, Zot:1-4, God:TSO, Crypt, Tomb,
                  | Pan, Slime:5, Hells, Abyss, Win
     0 | D:1      | 0 ||| PLANNING D:1-11
    27 | D:1      | 27 ||| DROPPING +0 club.
    40 | D:1      | Reached skill level 2 in Axes
    56 | D:1      | Reached XP level 2. HP: 19/19 MP: 2/2
   162 | D:1      | 162 ||| Stepping ~*~*~tactically~*~*~ (stealth).
   272 | D:1      | Reached skill level 3 in Axes
   418 | D:1      | Found a faded altar of an unknown god.
   426 | D:1      | Reached XP level 3. HP: 23/23 MP: 3/3
   620 | D:1      | 620 ||| DROPPING +0 mace.
   720 | D:1      | 720 ||| UPGRADING to +0 chain mail.
   730 | D:1      | 730 ||| DROPPING +0 scale mail.
   731 | D:1      | 731 ||| READING scroll labelled LAEHEU VAETY.
   734 | D:1      | 734 ||| READING scroll labelled VUTAACIAGU.
   780 | D:2      | 780 ||| Stepping ~*~*~tactically~*~*~ (stealth).
   781 | D:2      | 781 ||| Stepping ~*~*~tactically~*~*~ (stealth).
   782 | D:2      | 782 ||| Stepping ~*~*~tactically~*~*~ (stealth).
   783 | D:2      | 783 ||| Stepping ~*~*~tactically~*~*~ (stealth).
   866 | D:2      | 866 ||| Stepping ~*~*~tactically~*~*~ (stealth).
   921 | D:2      | 921 ||| Stepping ~*~*~tactically~*~*~ (hiding).
  1215 | D:2      | Reached XP level 4. HP: 25/28 MP: 4/4
  1248 | D:2      | Noticed Jessica
  1250 | D:2      | 1250 ||| Stepping ~*~*~tactically~*~*~ (hiding).
  1264 | D:2      | Killed Jessica
  1265 | D:2      | Reached skill level 4 in Axes
  1619 | D:2      | 1619 ||| UPGRADING to ring of willpower.
  1620 | D:2      | 1620 ||| READING scroll labelled ESMISO NAXTARCH.
  1621 | D:2      | 1621 ||| READING scroll labelled DIPEOLEORCH.
  1705 | D:3      | Reached XP level 5. HP: 31/32 MP: 5/5
  2094 | D:3      | Found a snail-covered altar of Cheibriados.
  2094 | D:3      | Found a stormy altar of Qazlal.
  2115 | D:3      | Reached skill level 5 in Axes
  2358 | D:3      | 2358 ||| READING scroll labelled XESISIUCIU.
  2359 | D:3      | 2359 ||| READING 2 scrolls labelled OSCHOM TENT.
  2360 | D:3      | 2360 ||| DRINKING 2 white potions.
  2361 | D:3      | 2361 ||| DRINKING 2 emerald potions.
  2362 | D:3      | 2362 ||| DRINKING 2 bubbling coppery potions.
  2363 | D:3      | 2363 ||| DROPPING scroll of blinking.
  2364 | D:3      | 2364 ||| DROPPING potion of flight.
  2385 | D:4      | 2385 ||| PLANNING OSSUARY
  2431 | D:4      | Killed from afar by an orc priest

Levels and vault maps discovered:
D:1:      minmay_arrival_up_and_down, layout_loops_ring,
          ebering_ecumenical_altar_sacrificial
D:2:      layout_loops_cross, grunt_ministairs_15, uniq_jessica
D:3:      layout_basic, gammafunk_temple_overflow_wave
D:4:      layout_layer_cave, nicolae_ossuary_entry_giza, uniq_sigmund

Skill      XL: |  1  2  3  4  5 |
---------------+----------------+-----
Axes           | 2 3 4 5 |  5.0
Fighting       | |  3.8
Armour         | |  3.2
Shields        | |  3.2

Action                     |  1- 3 |  4- 6 || total
---------------------------+-------+-------++-------
  Melee: War axe           |    90 |   100 ||   190
    Use: Scroll            |     2 |     4 ||     6
         Potion            |       |     3 ||     3
 Armour: Scale mail        |    29 |       ||    29
         Chain mail        |    16 |    58 ||    74
  Dodge: Dodged            |    26 |    33 ||    59
  Block: Buckler           |    15 |    14 ||    29

Table legend:
 A = Non-vault XP
 B = Vault XP
 C = Vault XP percentage of total XP
 D = Non-vault monster count
 E = Vault monster count
 F = Vault count percentage of total count
                 A         B        C        D         E       F
            +---------+---------+-------+---------+---------+-------
      Total |     234 |      44 |  15.8 |      67 |       3 |   4.3
            +---------+---------+-------+---------+---------+-------
        D:1 |      49 |       0 |   0.0 |      28 |       0 |   0.0
        D:2 |      67 |      44 |  39.6 |      17 |       3 |  15.0
        D:3 |      74 |       0 |   0.0 |      16 |       0 |   0.0
        D:4 |      44 |       0 |   0.0 |       6 |       0 |   0.0
            +---------+---------+-------+---------+---------+-------
